 Dungeon Crawl Stone Soup version 0.28.0-53-g5a82cb258f (webtiles) character file.

Game seed: 17660007875076277563

114 Infernotoast the Cudgeller (level 4, 0/40 HPs)
             Began as a Minotaur Berserker on July 26, 2022.
             Was a Believer of Trog.
             Killed by nerve-wracking pain
             ... invoked by a shadow imp
              (2 damage)
             ... on level 3 of the Dungeon.
             The game lasted 00:09:44 (2264 turns).

Infernotoast the Cudgeller (Minotaur Berserker)     Turns: 2264, Time: 00:09:44

Health: 0/40       AC:  3    Str: 23    XL:     4   Next: 66%
Magic:  3/3        EV: 12    Int:  4    God:    Trog [**....]
Gold:   56         SH:  0    Dex: 10    Spells: 3/3 levels left

rFire   . . .      SeeInvis .   i - +0 flail
rCold   . . .      Faith    .   (no shield)
rNeg    . . .      Spirit   .   c - +0 leather armour
rPois   .          Reflect  .   (helmet restricted)
rElec   .          Harm     .   (no cloak)
rCorr   .          Rampage  .   (no gloves)
Will    .....                   (no boots)
Stlth   +.........              (no amulet)
HPRegen 0.13/turn               (no ring)
MPRegen 0.08/turn               (no ring)

@: very slow
A: horns 2, retaliatory headbutt
a: Renounce Religion, Berserk, Trog's Hand


You were on level 3 of the Dungeon.
You worshipped Trog.
Trog was pleased with you.
You visited 1 branch of the dungeon, and saw 3 of its levels.

You collected 56 gold pieces.

Inventory:

Hand Weapons
 a - a +0 mace
 i - a +0 flail (weapon)
Armour
 c - a +0 leather armour (worn)
Wands
 j - a wand of flame (11)
Scrolls
 b - a scroll of teleportation {unknown}
 d - a scroll of magic mapping {unknown}
 f - a scroll of noise {unknown}
 g - a scroll of blinking {unknown}
 h - a scroll of identify {unknown}
Potions
 e - a potion of invisibility {unknown}


   Skills:
 - Level 4.1 Fighting
 + Level 6.1 Maces & Flails
 - Level 2.6 Armour
 - Level 2.4 Dodging


You had 3 spell levels left.
You didn't know any spells.
Your spell library was empty.

Dungeon Overview and Level Annotations

Branches:
Dungeon (3/15)

Altars:


Innate Abilities, Weirdness & Mutations

You have a pair of horns on your head.
You reflexively headbutt those who attack you in melee.


Message History

There is a transporter here.
Unknown command.
You enter the transporter and appear at another place.
Found 5 stones.
j - a wand of flame (11)
You open the door.
The shadow imp grins evilly.
The shadow imp gestures at you. Pain shoots through your body!
The orc priest invokes the aid of Beogh against you.
Beogh smites you!
* * * LOW HITPOINT WARNING * * *
There is an open door here.
There is a transporter landing site here.
You can't go up here!
You can't go down here!
A shadow imp is nearby!
The hobgoblin shouts!
The shadow imp laughs crazily.
The shadow imp grinds its teeth.
The shadow imp spits at you.
The shadow imp shouts, "Taste defeat, thou ducking two-tin-hat nothing!"
The shadow imp puffs mist at you.
The shadow imp lashes its tail.
The shadow imp gestures at you. Pain shoots through your body!
* * * LOW HITPOINT WARNING * * *
The shadow imp disappears for a moment.
The shadow imp gestures at you. Pain shoots through your body!
* * * LOW HITPOINT WARNING * * *
The shadow imp lashes its tail.
The shadow imp laughs crazily.
There is an open door here.
You enter the shallow water.
Moving in this stuff is going to be slow.
Found 15 gold pieces.
The shadow imp gestures at you. Pain shoots through your body!
You die...

#.. ###+###.......#.##
.. +.......#.#
.############.......#.#
......(..$.....##+###)#
##############.# #.#
8≈#.....55#P8#.# # #..
P.#≈≈≈≈≈≈≈#.P#.##.# ##.
$.#..P≈≈..#..#....####..
+..≈⌠@..'.©#©......+..
$.#..≈P≈..#..#..######..
P.#≈≈≈≈≈≈≈#.P#.##
8P#.....5o#P8#.#
##############.#
........g......#
#.......######...
#.......' #... ... ....


You could see an orc priest, 3 shadow imps and a hobgoblin.

Vanquished Creatures
  4 adders
  2 worms
  A dart slug (D:1)
  4 orcs (D:3)
  8 bats
  5 endoplasms
  6 hobgoblins
  4 jackals (D:2)
  7 kobolds
  3 quokkas
  8 ball pythons
  4 frilled lizards
  3 goblins
  3 rats (D:2)
62 creatures vanquished.

Notes
Turn   | Place    | Note
-------+----------+-------------------------------------------
     0 | D:1      | Infernotoast the Minotaur Berserker began the quest for the
                  | Orb.
     0 | D:1      | Reached XP level 1. HP: 19/19 MP: 0/0
   101 | D:1      | Reached skill level 4 in Maces & Flails
   101 | D:1      | Reached XP level 2. HP: 19/27 MP: 1/1
   270 | D:1      | Reached ** piety under Trog
   304 | D:1      | Found a faded altar of an unknown god.
   525 | D:1      | Reached XP level 3. HP: 30/33 MP: 2/2
   950 | D:2      | Reached skill level 5 in Maces & Flails
  1118 | D:2      | Reached XP level 4. HP: 40/40 MP: 3/3
  2165 | D:3      | Found a transporter.
  2172 | D:3      | Reached skill level 6 in Maces & Flails
  2258 | D:3      | HP: 1/40 [shadow imp/nerve-wracking pain (10)]
  2264 | D:3      | Killed from afar by a shadow imp

Illustrated notes

Levels and vault maps discovered:
D:1:      dpeg_arrival_stone_temple_mockup, layout_loops_ring,
          ebering_ecumenical_altar_rust, minmay_pentomino_u4
D:2:      layout_basic
D:3:      gammafunk_wand_slinger, layout_basic, minmay_fractal_squares_gapless_5

Skill      XL: |  1  2  3  4 |
---------------+-------------+-----
Maces & Flails | 4 5 6 |  6.1
Fighting       | 4 |  4.1
Armour         | |  2.6
Dodging        | |  2.4

Action                   |  1- 3 |  4- 6 || total
-------------------------+-------+-------++-------
Melee: Mace              |    79 |    28 ||   107
       Headbutt          |     8 |     5 ||    13
       Flail             |       |    16 ||    16
       Punch             |       |     1 ||     1
Armor: Leather armour    |    51 |     5 ||    56
Dodge: Dodged            |    83 |    22 ||   105
